 Dungeon Crawl Stone Soup version 0.29.1-14-g9c671dbff4 (webtiles) character file.

Game seed: 10424752215354571710

14 H0rd4k the Charlatan (level 2, -8/19 HPs)
             Began as an Octopode Artificer on Feb 14, 2023.
             Mangled by a gnoll
             ... wielding a +0 flail
              (13 damage)
             ... on level 1 of the Dungeon.
             The game lasted 00:00:37 (1161 turns).

H0rd4k the Charlatan (Octopode Artificer)           Turns: 1161, Time: 00:00:38

Health: -8/19      AC:  1    Str: 11    XL:     2   Next: 45%
Magic:  3/3        EV: 13    Int: 13    God:
Gold:   40         SH:  0    Dex: 12    Spells: 2/2 levels left

rFire   . . .      SeeInvis .   (no weapon)
rCold   . . .      Faith    .   (no shield)
rNeg    . . .      Spirit   .   (helmet restricted)
rPois   .          Reflect  .   (no amulet)
rElec   .          Harm     .   (no ring)
rCorr   .          Rampage  .   (no ring)
Will    .....                   (no ring)
Stlth   +++.......              (no ring)
HPRegen 0.06/turn               (no ring)
MPRegen 0.08/turn               (no ring)
                                (no ring)
                                (no ring)

@: no status effects
A: almost no armour, amphibious, 8 rings, camouflage 1, gelatinous body 1,
(nimble swimmer 1), tentacles
a: no special abilities


You were on level 1 of the Dungeon.
You visited 1 branch of the dungeon, and saw 1 of its levels.

You collected 40 gold pieces.

Inventory:

Wands
 b - a wand of flame (15) (quivered)
 c - a wand of charming (12)
 d - a wand of iceblast (5)
Scrolls
 a - a scroll of immolation {unknown}


   Skills:
 * Level 1.7 Fighting
 - Level 2.3 Dodging
 - Level 1.3 Stealth
 + Level 0.5 Unarmed Combat
 * Level 0.9 Spellcasting
 - Level 3.2 Evocations


You had 2 spell levels left.
You didn't know any spells.
Your spell library was empty.

Dungeon Overview and Level Annotations

Branches:
Dungeon (1/15)

Altars:


Innate Abilities, Weirdness & Mutations

You cannot wear most types of armour.
You are amphibious.
You can wear up to eight rings at the same time.
Your skin changes colour to match your surroundings (Stealth+).
Your rubbery body absorbs attacks. (AC +1, EV +1)
((You are camouflaged when in or above water. (Stealth+)))
You have tentacles for arms and can constrict up to eight enemies at once.


Message History

You kill the jackal!
You tentacle-slap the jackal but do no damage.
Your grab misses the jackal. You tentacle-slap the jackal.
Your squeeze misses the jackal.
The jackal is moderately wounded.
The jackal barely misses you. The jackal closely misses you.
You tentacle-slap the jackal. You grab the jackal. You squeeze the jackal.
You kill the jackal!
You closely miss the jackal. Your grab misses the jackal.
Your squeeze misses the jackal.
The jackal is severely wounded.
The jackal bites you.
You tentacle-slap the jackal but do no damage.
You grab the jackal.
The jackal is heavily wounded.
You constrict the jackal. The jackal bites you. x2
You tentacle-slap the jackal.
You kill the jackal!
You tentacle-slap the gnoll. You grab the gnoll.
The gnoll is lightly wounded.
You constrict the gnoll, but do no damage.
The gnoll hits you with a +0 flail.
* * * LOW HITPOINT WARNING * * *
You tentacle-slap the gnoll.
The gnoll is lightly wounded.
You constrict the gnoll. The gnoll barely misses you.
Aiming: Charm
Press: ? - help, Shift-Dir - straight line, f - gnoll
Aim: a gnoll, wielding a +0 flail (moderately wounded, constricted by you, chance to affect: 66%)
The gnoll struggles to resist.
You constrict the gnoll. The gnoll barely misses you.
Unknown command.
Aiming: Charm
Press: ? - help, Shift-Dir - straight line, f/p - gnoll
Aim: a gnoll, wielding a +0 flail (moderately wounded, constricted by you, chance to affect: 66%)
The gnoll struggles to resist.
You constrict the gnoll, but do no damage.
The gnoll hits you with a +0 flail!
Ouch! That really hurt!
You die...

# ..P.
#..#.#..##..#####..
.PP..#..#.#..##..#######
....#..#.#..#..........
#....#.#..#.#########
#..#.#..#...[....
#..........####.#
#....#.#....##.#
#....#g#....# .#
#.##.#@#........ #
#.#.#.......#.
..#.#>......#.#
..#.##.........
..#.##.#.##.#### #.# #.#
#.#


You could see a gnoll.

Vanquished Creatures
  2 endoplasms (D:1)
  A hobgoblin (D:1)
  4 jackals (D:1)
  A ball python (D:1)
  A bat (D:1)
  A frilled lizard (D:1)
  A kobold (D:1)
  A rat (D:1)
12 creatures vanquished.

Vanquished Creatures (collateral kills)
  A quokka (D:1)
1 creature vanquished.

Grand Total: 13 creatures vanquished

Notes
Turn   | Place    | Note
-------+----------+-------------------------------------------
     0 | D:1      | H0rd4k the Octopode Artificer began the quest for the Orb.
     0 | D:1      | Reached XP level 1. HP: 13/13 MP: 1/1
   991 | D:1      | Reached XP level 2. HP: 17/18 MP: 2/2
  1161 | D:1      | Mangled by a gnoll

Illustrated notes

Levels and vault maps discovered:
D:1:      nzn_arrival_water_spiral, layout_basic, grunt_decor_arrowhead,
          nicolae_grassy_gnolls

Action                   || total
-------------------------++-------
Melee: Unarmed           ||    35
       Constrict         ||    10
       Tentacles         ||     4
       Punch             ||     1
Evoke: Wand              ||     3
 Stab: Sleeping          ||     2
Armor: Skin              ||     2
Dodge: Dodged            ||    20
